 Dungeon Crawl Stone Soup version 0.26-a0-259-g1effd001a9 (webtiles) character file.

Game seed: 10273780786373490130

168 HoaS the Ruffian (level 5, -1/33 HPs)
             Began as a Gargoyle Gladiator on July 28, 2020.
             Killed by divine providence
             ... invoked by an orc priest
              (14 damage)
             ... on level 3 of the Dungeon.
             The game lasted 00:05:44 (2534 turns).

HoaS the Ruffian (Gargoyle Gladiator)               Turns: 2534, Time: 00:05:45

Health: -1/33      AC: 16    Str: 18    XL:     5   Next: 49%
Magic:  5/5        EV:  6    Int:  9    God:
Gold:   150        SH:  0    Dex: 17    Spells: 4/4 levels left

rFire    . . .     SeeInvis .     - Unarmed
rCold    . . .     Faith    .   (no shield)
rNeg     + . .     Spirit   .   l - +0 plate armour
rPois    ∞         Reflect  .   b - +1 helmet
rElec    +         Harm     .   (no cloak)
rCorr    .                      (no gloves)
MR       .....                  (no boots)
Stlth    ..........             (no amulet)
HPRegen  0.11/turn              j - +6 ring of dexterity
MPRegen  0.09/turn              (no ring)

@: no status effects
A: negative energy resistance 1, electricity resistance, unbreathing,
petrification resistance, rot immunity, AC +4
a: no special abilities


You were on level 3 of the Dungeon.
You were not hungry.

You visited 1 branch of the dungeon, and saw 3 of its levels.

You collected 150 gold pieces.

Inventory:

Missiles
 c - 3 throwing nets (quivered)
 f - 8 javelins
 n - 25 poisoned darts
 o - 6 atropa-tipped darts
Armour
 b - a +1 helmet (worn)
 l - a +0 plate armour (worn)
Jewellery
 j - a +6 ring of dexterity (left hand)
Scrolls
 e - a scroll of identify
 g - a scroll of fear
 h - 2 scrolls of enchant armour
 m - a scroll of fog
Potions
 a - a potion of curing
 i - 2 potions of degeneration {unknown}
 k - a potion of magic {unknown}
Comestibles
 d - 8 rations


   Skills:
 + Level 3.8 Fighting
 - Level 1.7 Throwing
 - Level 2.4 Dodging
 * Level 5.2 Unarmed Combat


You had 4 spell levels left.
You didn't know any spells.
Your spell library was empty.

Dungeon Overview and Level Annotations

Branches:
Dungeon (3/15)

Altars:
Cheibriados


Innate Abilities, Weirdness & Mutations

You are resistant to torment.
Your stone body is resilient. (AC +4)
You are immune to poison.
You resist negative energy. (rN+)
You are resistant to electric shocks. (rElec)
You can survive without breathing.
You are immune to petrification.
You are immune to rotting.


Message History

The orc wizard blinks!
You closely miss the orc priest.
The orc hits you from afar with a +0 trident.
The orc priest hits you but does no damage.
You hit the orc priest.
The orc priest is lightly wounded.
The orc priest hits you but does no damage.
The orc hits you but does no damage.
The orc wizard hits you but does no damage.
You closely miss the orc priest.
The orc priest is lightly wounded.
The orc priest calls down the wrath of Beogh upon you.
Beogh smites you!
* * * LOW HITPOINT WARNING * * *
The orc hits you from afar with a +0 trident.
* * * LOW HITPOINT WARNING * * *
You feel better. The orc wizard barely misses you.
The orc priest calls down the wrath of Beogh upon you.
Beogh smites you!
You die...

############.....# ###...# #.###
#.# ******** #.# **#*,,,,,,, #.#
**o#*,*****, ******** #.#
**.#,*,*** *,
*,,,,,,##########.###.##*,,,,* *,
*,**,,,#.......)@)o....#,*,*,***,
*,,,,,.......###oo.##......,,,**,
*,,,,,.......*#.....#,###..,,,**,
*,,..).......*##...##,* *,,,,,,,,
#.##...#.....* ##.##*,* *,***,***
#.#*...######* #.# *,***,***,*
#..,.....# #.# *,,,,,,,,,*
#.#*#.##.# ##'##*****,***** #.#
#.##.# ##...## *,*


You could see an orc priest, an orc wizard (fast) and an orc.

Vanquished Creatures
  An orc priest (D:3)
  Terence (D:2)
  4 gnolls
  2 adders
  An ooze (D:2)
  A leopard gecko (D:1)
  3 orcs (D:3)
  A giant cockroach (D:1)
  9 hobgoblins
  3 kobolds (D:1)
  A ball python (D:3)
  13 bats
  A frilled lizard (D:3)
  9 goblins
  4 rats
54 creatures vanquished.

Notes
Turn   | Place    | Note
-------+----------+-------------------------------------------
     0 | D:1      | HoaS the Gargoyle Gladiator began the quest for the Orb.
     0 | D:1      | Reached XP level 1. HP: 12/12 MP: 1/1
    57 | D:1      | Reached XP level 2. HP: 7/18 MP: 2/2
   471 | D:1      | Reached XP level 3. HP: 20/22 MP: 3/3
   868 | D:1      | Reached skill level 4 in Unarmed Combat
  1292 | D:2      | Noticed Terence
  1330 | D:2      | Killed Terence
  1330 | D:2      | Reached XP level 4. HP: 21/28 MP: 4/4
  1844 | D:3      | Found a snail-covered altar of Cheibriados.
  2133 | D:3      | Reached XP level 5. HP: 26/32 MP: 5/5
  2514 | D:3      | Reached skill level 5 in Unarmed Combat
  2534 | D:3      | Killed from afar by an orc priest

Illustrated notes

Levels and vault maps discovered:
D:1:      lemuel_arrival_lava_pool, layout_basic, grunt_decor_cap
D:2:      layout_basic, uniq_terence
D:3:      layout_loops_corners, lemuel_doored_altar

Skill      XL: |  1  2  3  4  5 |
---------------+----------------+-----
Unarmed Combat | 4 5 |  5.2
Fighting       | 3 |  3.8
Throwing       | |  1.7
Dodging        | |  2.4

Action                   |  1- 3 |  4- 6 || total
-------------------------+-------+-------++-------
Melee: Unarmed           |   150 |    95 ||   245
       Punch             |     2 |     1 ||     3
Throw: Throwing net      |     1 |       ||     1
  Use: Scroll            |     7 |     4 ||    11
       Potion            |       |     1 ||     1
  Eat: Ration            |     1 |     1 ||     2
Armor: Leather armour    |    10 |       ||    10
       Ring mail         |    71 |     1 ||    72
       Scale mail        |       |    27 ||    27
       Plate armour      |       |    30 ||    30
Dodge: Dodged            |   116 |    43 ||   159

Table legend:
 A = Non-vault XP
 B = Vault XP
 C = Vault XP percentage of total XP
 D = Non-vault monster count
 E = Vault monster count
 F = Vault count percentage of total count
                 A         B        C        D         E       F
            +---------+---------+-------+---------+---------+-------
      Total |     205 |      36 |  14.9 |      53 |       1 |   1.9
            +---------+---------+-------+---------+---------+-------
        D:1 |      50 |       0 |   0.0 |      24 |       0 |   0.0
        D:2 |      31 |      36 |  53.7 |      10 |       1 |   9.1
        D:3 |     124 |       0 |   0.0 |      19 |       0 |   0.0
            +---------+---------+-------+---------+---------+-------
